 Dungeon Crawl Stone Soup version 0.23.1 (webtiles) character file.

Game seed: 6666231463803355694

5 Borgoz the Sneak (level 1, -1/14 HPs)
             Began as a Ghoul Enchanter on Mar 4, 2019.
             Slain by a hobgoblin (5 damage)
             ... on level 1 of the Dungeon.
             The game lasted 00:00:39 (272 turns).

Borgoz the Sneak (Ghoul Enchanter)                   Turns: 272, Time: 00:00:39

Health: -1/14      AC:  3    Str: 11    XL:     1   Next: 80%
Magic:  2/2        EV: 11    Int: 10    God:
Gold:   5          SH:  0    Dex:  9    Spells: 2/3 levels left

rFire    . . .     SeeInvis .   a - +1 dagger
rCold    + . .     Gourm    .   (no shield)
rNeg     + + +     Faith    .   c - +0 leather armour
rPois    ∞         Spirit   .   (no helmet)
rElec    .         Reflect  .   (no cloak)
rCorr    .         Harm     .   (no gloves)
MR       .....                  (no boots)
Stlth    ++........             (no amulet)
HPRegen  0.00/turn              (no ring)
MPRegen  0.08/turn              (no ring)

@: rotting
A: rotting body, claws 1, carnivore, cold resistance 1, negative energy
resistance 3, inhibited regeneration, torment resistance, unbreathing
a: no special abilities


You were on level 1 of the Dungeon.
You were not hungry.

You visited 1 branch of the dungeon, and saw 1 of its levels.

You collected 5 gold pieces.

Inventory:

Hand Weapons
 a - a +1 dagger (weapon)
Armour
 c - a +0 leather armour (worn)
Scrolls
 f - a scroll of random uselessness {unknown}
 h - a scroll of remove curse {unknown}
Potions
 e - a potion of magic {unknown}
 g - a potion of curing {unknown}
 i - a potion of berserk rage {unknown}
Comestibles
 b - a chunk of flesh
 d - 2 rations


   Skills:
 * Level 1.0 Short Blades
 * Level 1.9 Dodging
 + Level 3.3 Stealth
 + Level 1.8 Spellcasting
 + Level 2.5 Hexes


You had 2 spell levels left.
You knew the following spells:

 Your Spells              Type           Power        Failure   Level  Hunger
a - Corona                Hex            #......      16%         1    ##.....

Your spell library contained the following spells:

 Spells                   Type           Power        Failure   Level  Hunger
 Ensorcelled Hibernation  Hex/Ice        #.....       36%         2    ###....
 Confuse                  Hex            #.......     41%         3    ####...
 Tukima's Dance           Hex            #.......     41%         3    ####...
 Dazzling Spray           Conj/Hex       #.....       58%         3    ####...


Dungeon Overview and Level Annotations

Branches:
Dungeon (1/15)

Altars:


Innate Abilities, Weirdness & Mutations

Your body is rotting away.
You thrive on raw meat.
You are immune to poison.
You have sharp fingernails.
You are carnivorous and can eat meat at any time.
Your flesh is cold resistant. (rC+)
You are immune to negative energy. (rN+++)
You do not regenerate when monsters are visible.
You are immune to unholy pain and torment.
You can survive without breathing.


Message History

The hobgoblin shouts!
You closely miss the hobgoblin. The hobgoblin closely misses you.
You barely miss the hobgoblin. The hobgoblin closely misses you.
You closely miss the hobgoblin. The hobgoblin hits you.
You hit the hobgoblin.
The hobgoblin is heavily wounded.
The hobgoblin hits you.
You hit the hobgoblin.
The hobgoblin is severely wounded.
The hobgoblin closely misses you.
You barely miss the hobgoblin.
The hobgoblin is severely wounded.
The hobgoblin hits you.
* * * LOW HITPOINT WARNING * * *
You are too injured to fight recklessly!
You are too injured to fight recklessly!
You barely miss the hobgoblin.
The hobgoblin is severely wounded.
The hobgoblin hits you.
You die...

#...# #...# #...#
#####...#####
#...........#.#
......$.?.....#
#.......g...# #..@#
#...# ######### #...#
#.......# #...#
##.8.8...## ##.##
#.......[.# #.#
#8........#
#####.######..###..#.#
#........##...#h#..#.#
#.#.#.##.##8.÷#k#..#.#


You could see a hobgoblin.

Vanquished Creatures
  A leopard gecko (D:1)
  2 bats (D:1)
  A ball python (D:1)
4 creatures vanquished.

Notes
Turn   | Place    | Note
-------+----------+-------------------------------------------
     0 | D:1      | Borgoz the Ghoul Enchanter began the quest for the Orb.
     0 | D:1      | Reached XP level 1. HP: 14/14 MP: 2/2
     6 | D:1      | Noticed a polar bear
     6 | D:1      | Noticed a swamp drake
     8 | D:1      | Noticed a wolf
     8 | D:1      | Noticed a killer bee
    38 | D:1      | Reached skill level 1 in Short Blades
   272 | D:1      | Slain by a hobgoblin

Skill      XL: |  1 |
---------------+----+-----
Short Blades   | 1 |  1.0
Dodging        | |  1.9
Stealth        | |  3.3
Spellcasting   | |  1.8
Hexes          | |  2.5

Action                   || total
-------------------------++-------
Melee: Dagger            ||    15
  Eat: Chunk             ||     2
Armor: Leather armour    ||     3
Dodge: Dodged            ||     7
